 Dungeon Crawl Stone Soup version 0.29-a0-88-g03a7b78be7 (webtiles) character file.

Game seed: 18007109645772437337

21 enile the Digger (level 2, -1/30 HPs)
             Began as an Octopode Earth Elementalist on Feb 5, 2022.
             Slain by an orc priest (6 damage)
             ... on level 3 of the Dungeon.
             The game lasted 00:02:27 (974 turns).

enile the Digger (Octopode Earth Elementalist)       Turns: 974, Time: 00:02:28

Health: -1/30      AC:  1    Str:  7    XL:     2   Next: 83%
Magic:  3/5        EV: 13    Int: 17    God:
Gold:   47         SH:  0    Dex: 12    Spells: 4/5 levels left

rFire   . . .      SeeInvis .   (no weapon)
rCold   . . .      Faith    .   (no shield)
rNeg    . . .      Spirit   .   (helmet restricted)
rPois   .          Reflect  .   (no amulet)
rElec   .          Harm     .   (no ring)
rCorr   .          Rampage  .   (no ring)
Will    .....                   (no ring)
Stlth   ..........              (no ring)
HPRegen 0.10/turn               (no ring)
MPRegen 0.09/turn               (no ring)
                                (no ring)
                                (no ring)

@: berserking, very quick
A: almost no armour, amphibious, 8 rings, camouflage 1, gelatinous body 1,
(nimble swimmer 1), tentacles
a: no special abilities


You were on level 3 of the Dungeon.
You visited 1 branch of the dungeon, and saw 3 of its levels.

You collected 95 gold pieces.
You spent 48 gold pieces at shops.

Inventory:

Missiles
 b - 31 stones
Armour
 h - a +0 tower shield
Potions
 a - 3 potions of curing {unknown}
 c - a potion of degeneration
 d - a potion of flight
 g - a potion of heal wounds {unknown}


   Skills:
 + Level 2.3 Fighting
 - Level 2.0 Dodging
 - Level 2.6 Stealth
 - Level 2.0 Spellcasting
 - Level 1.0 Transmutations
 - Level 3.0 Earth Magic


You had 4 spell levels left.
You knew the following spells:

 Your Spells              Type           Power      Damage    Failure   Level
a - Sandblast             Erth           22%        2d7       5%          1

Your spell library contained the following spells:

 Spells                   Type           Power      Damage    Failure   Level
 Passwall                 Tmut/Erth      6%         N/A       13%         2
 Stone Arrow              Conj/Erth      12%        3d7       30%         3
 Petrify                  Tmut/Erth      8%         N/A       63%         4


Dungeon Overview and Level Annotations

Branches:
Dungeon (3/15)

Altars:

Shops:
D:1 (!(:*


Innate Abilities, Weirdness & Mutations

You cannot wear most types of armour.
You are amphibious.
You can wear up to eight rings at the same time.
Your skin changes colour to match your surroundings (Stealth+).
Your rubbery body absorbs attacks. (AC +1, EV +1)
((You are camouflaged when in or above water. (Stealth+)))
You have tentacles for arms and can constrict up to eight enemies at once.


Message History

Found a stone staircase leading down.
Found 6 boomerangs.
A sourceless malevolence fills the Dungeon...
You fall into a shaft and drop 1 floor!
The shaft crumbles and collapses.
A rat, an endoplasm, 3 orcs and a frilled lizard come into view.
Found a scroll labelled KEYJOJ HUIMPYC.
Found two stone staircases leading up.
The helpless orc fails to defend itself.
You tentacle-slap the orc but do no damage.
Your grab misses the orc.
The frilled lizard hisses angrily.
The orc hits you with a +0 whip.
Casting: Sandblast (safe; 5% risk of failure)
Confirm with . or Enter, or press ? or * to list all spells.
Aiming: Sandblast (safe; 5% risk of failure)
Press: ? - help, Shift-Dir - straight line, f - orc
Aim: an orc, wielding a +0 whip and wearing a +0 leather armour (79% to hit)
The blast of sand hits the orc!
You kill the orc!
The endoplasm quivers.
The orc priest shouts!
The orc wizard shouts!
You hear a shout!
Casting: Sandblast (safe; 5% risk of failure)
Confirm with . or Enter, or press ? or * to list all spells.
Aiming: Sandblast (safe; 5% risk of failure)
Press: ? - help, Shift-Dir - straight line, f - orc priest
Aim: an orc priest, wielding a +0 falchion and wearing a +0 ring mail (82% to hit)
The blast of sand hits the orc priest but does no damage.
The orc priest calls down the wrath of Beogh upon you.
Beogh smites you!
Ouch! That really hurt!
* * * LOW HITPOINT WARNING * * *
As you read the scroll labelled JUICEC GECHY, it crumbles to dust.
You feel aware of your surroundings.
It was a scroll of magic mapping.
The orc priest misses you.
It was a potion of berserk rage.
A red film seems to cover your vision as you go berserk!
You feel yourself moving faster!
You feel mighty! The frilled lizard barely misses you.
The orc priest hits you with a +0 falchion.
You die...

*,,,,,,,,,,,,,,,,,,,,,,* ****
*,*,*,*,*?#.#.#.#.#.*,*** *,,,
*,,,,,,,.,...<.....,,,,,*****,,,
*,*,*,*,#.#.#.#.#.#,*,*,,,,,*,,,
*,*,,,,,..........#********,*,,,
*,,,,,,,..........,,,,,****,*,,,
***,,,<,.....<.ro#****,,,,,,,,,,
******......o).# ***,,,,,,,,
*.......@.# *,***,,,,
*........l#******,* *,,,,
*.......J...,,,,,,* *,,,,
*.............,,,,* *,***
*...............,,* *,* *
*#######........,,* *,*
#........,,* *,* #........,,*
*,* *,,,,,,,,,,***,*


You could see an orc priest, an orc wizard, an endoplasm, a frilled lizard and a
rat.

Vanquished Creatures
  An orc (D:3)
  3 ball pythons (D:2)
  An endoplasm (D:1)
  2 giant cockroaches (D:1)
  A hobgoblin (D:1)
  3 quokkas (D:2)
  3 bats
  2 frilled lizards (D:2)
  A rat (D:2)
17 creatures vanquished.

Notes
Turn   | Place    | Note
-------+----------+-------------------------------------------
     0 | D:1      | enile the Octopode Earth Elementalist began the quest for
                  | the Orb.
     0 | D:1      | Reached XP level 1. HP: 11/11 MP: 3/3
    92 | D:1      | Found Circh's General Store.
   169 | D:1      | Reached skill level 1 in Fighting
   224 | D:1      | Found Muyrhuc's Distillery.
   250 | D:1      | Bought a potion of degeneration for 12 gold pieces
   250 | D:1      | Bought a potion of flight for 36 gold pieces
   333 | D:1      | Found Azonomof's Weapon Shoppe.
   380 | D:1      | Found Alluq's Weapon Boutique.
   403 | D:1      | Found Danirekh's Book Shop.
   661 | D:2      | Reached XP level 2. HP: 18/18 MP: 5/5
   969 | D:2      | You fall into a shaft and drop 1 floor!
   974 | D:3      | Slain by an orc priest

Illustrated notes

Levels and vault maps discovered:
D:1:      dpeg_arrival_orchard, layout_loops_ring, serial_shops, shop, shop,
          shop_statue, nicolae_shop_statue_plus, nicolae_shop_advertising_works
          [nicolae_subvault_shop_adworks]
D:2:      minmay_evil_eye, layout_basic
D:3:      layout_basic, gammafunk_ghost_split, st_stairs_13,
          minmay_quadrilaterals, uniq_sigmund

Skill      XL: |  1  2 |
---------------+-------+-----
Fighting       | 1 2 |  2.3
Dodging        | |  2.0
Stealth        | |  2.6
Spellcasting   | |  2.0
Transmutations | |  1.0
Earth Magic    | |  3.0

Action                   || total
-------------------------++-------
Melee: Unarmed           ||    11
       Tentacles         ||     3
       Constrict         ||     2
 Cast: Sandblast         ||    18
  Use: Scroll            ||     1
       Potion            ||     1
 Stab: Sleeping          ||     4
Armor: Skin              ||     1
Dodge: Dodged            ||     9

Table legend: (Time is in decaauts)
 A = Elapsed time spent in this place.
 B = Non-inter-level travel time spent in this place.
 C = Inter-level travel time spent in this place.
 D = Time resting spent in this place.
 E = Time spent auto-exploring this place.
 F = Levels seen in this place.
 G = Mean time per level.
                   A        B        C        D        E       F      G
               +--------+--------+--------+--------+--------+-----+--------+
         Total |    973 |    934 |     39 |      0 |    816 |   3 |  324.3 |
       Dungeon |    973 |    934 |     39 |      0 |    816 |   3 |  324.3 |
               +--------+--------+--------+--------+--------+-----+--------+

Top non-repeatable levels by time:
     D:1: 655 daAuts
     D:2: 313 daAuts
     D:3: 4 daAuts
